 Dungeon Crawl Stone Soup version 0.28.0 (webtiles) character file.

Game seed: 1576071258605879242

124 Sanktem7 the Covered (level 4, -6/40 HPs)
             Began as a Minotaur Fighter on Feb 18, 2022.
             Succumbed to a gnoll's poison
             ... on level 2 of the Dungeon.
             The game lasted 00:04:50 (1222 turns).

Sanktem7 the Covered (Minotaur Fighter)             Turns: 1222, Time: 00:04:51

Health: -6/40      AC: 11    Str: 23    XL:     4   Next: 81%
Magic:  3/3        EV:  7    Int:  5    God:
Gold:   54         SH:  4    Dex:  9    Spells: 3/3 levels left

rFire   . . .      SeeInvis .   a - +0 war axe
rCold   . . .      Faith    .   c - +0 buckler
rNeg    . . .      Spirit   .   g - +0 chain mail
rPois   .          Reflect  .   (helmet restricted)
rElec   .          Harm     .   (no cloak)
rCorr   .          Rampage  .   l - +0 pair of gloves
Will    .....                   (no boots)
Stlth   ..........              (no amulet)
HPRegen 0.13/turn               (no ring)
MPRegen 0.08/turn               (no ring)

@: lethally poisoned (-6 -> -32)
A: horns 2, retaliatory headbutt
a: no special abilities


You were on level 2 of the Dungeon.
You visited 1 branch of the dungeon, and saw 2 of its levels.

You collected 54 gold pieces.

Inventory:

Hand Weapons
 a - a +0 war axe (weapon)
Armour
 c - a +0 buckler (worn)
 g - a +0 chain mail (worn)
 l - a +0 pair of gloves (worn)
Jewellery
 f - a ring of ice
 n - a ring of flight
Scrolls
 b - a scroll of magic mapping {unknown}
 e - a scroll of vulnerability {unknown}
 i - a scroll of teleportation {unknown}
 m - a scroll of identify {unknown}
 o - a scroll of torment {unknown}
Potions
 d - a potion of might
 h - a potion of heal wounds {unknown}
 j - a potion of berserk rage {unknown}
 k - a potion of attraction {unknown}


   Skills:
 * Level 4.3 Fighting
 * Level 4.0 Axes
 * Level 5.3 Armour
 + Level 0.2 Dodging
 - Level 3.6 Shields


You had 3 spell levels left.
You didn't know any spells.
Your spell library was empty.

Dungeon Overview and Level Annotations

Branches:
Dungeon (2/15)

Altars:

Shops:
D:2 [


Innate Abilities, Weirdness & Mutations

You have a pair of horns on your head.
You reflexively headbutt those who attack you in melee.


Message History

You feel very sick. The gnoll barely misses you.
The gnoll hits you with a +0 spear.
The gnoll hits you from afar with a +2 halberd of venom.
You are lethally poisoned!
You are too injured to fight recklessly!
You are too injured to fight recklessly!
You are too injured to fight recklessly!
You are too injured to fight recklessly!
You are too injured to fight recklessly!
You are too injured to fight recklessly!
You are too injured to fight recklessly!
You are too injured to fight recklessly!
You are too injured to fight recklessly!
You are too injured to fight recklessly!
You are too injured to fight recklessly!
You are too injured to fight recklessly!
You are too injured to fight recklessly!
You are too injured to fight recklessly!
You are too injured to fight recklessly!
You are too injured to fight recklessly!
You are too injured to fight recklessly!
You are too injured to fight recklessly!
Unknown command.
You closely miss the gnoll.
The gnoll is severely wounded.
* * * LOW HITPOINT WARNING * * *
You feel very sick. The gnoll hits you but does no damage.
The gnoll barely misses you. The gnoll hits you but does no damage.
You hit the gnoll but do no damage.
The gnoll is severely wounded.
* * * LOW HITPOINT WARNING * * *
You feel very sick.
The gnoll hits you from afar with a +2 halberd of venom.
* * * LOW HITPOINT WARNING * * *
You are more poisoned.
The gnoll hits you but does no damage.
You hit the gnoll but do no damage.
The gnoll is severely wounded.
You die...

##########
######........#
..............#
#.............# #####
#.............###...####
#.............'.'...†...
#.............###...####
#.............# #...####
..####.@g.....# #.......
....:...#.##### #.......
#######g#.# #.......
#g#.########......
........#..'......
...####.#.##......
.>.'....†..<.....(
....####...........
...........#####


You could see 3 gnolls.

Vanquished Creatures
  Natasha (twice) (D:2)
  2 adders (D:2)
  A worm (D:2)
  2 dart slugs (D:1)
  6 endoplasms
  A giant cockroach (D:2)
  2 goblins (D:1)
  6 hobgoblins
  4 jackals (D:2)
  3 quokkas (D:1)
  3 ball pythons (D:1)
  3 bats (D:1)
  A frilled lizard (D:1)
  7 kobolds
  5 rats (D:1)
48 creatures vanquished.

Notes
Turn   | Place    | Note
-------+----------+-------------------------------------------
     0 | D:1      | Sanktem7 the Minotaur Fighter began the quest for the Orb.
     0 | D:1      | Reached XP level 1. HP: 19/19 MP: 0/0
   125 | D:1      | Reached XP level 2. HP: 22/27 MP: 1/1
   232 | D:1      | Reached skill level 4 in Armour
   598 | D:1      | Reached XP level 3. HP: 33/33 MP: 2/2
   842 | D:2      | Noticed Natasha
   846 | D:2      | Killed Natasha
   938 | D:2      | Found a faded altar of an unknown god.
   941 | D:2      | Reached XP level 4. HP: 40/40 MP: 3/3
  1101 | D:2      | Found Cuugemuri's Antique Armour Emporium.
  1180 | D:2      | Noticed Natasha
  1186 | D:2      | Killed Natasha
  1187 | D:2      | Reached skill level 5 in Armour
  1221 | D:2      | HP: 1/40 [gnoll (5)]
  1222 | D:2      | Succumbed to a gnoll's poison

Illustrated notes

Levels and vault maps discovered:
D:1:      dpeg_arrival_pits, layout_basic
D:2:      layout_basic, serial_shops, nicolae_shop_hallway_plus, basic_altar,
          hellmonk_ecumenical_altar_leap_of_faith, solitary_fountain,
          uniq_natasha

Skill      XL: |  1  2  3  4 |
---------------+-------------+-----
Fighting       | 4 |  4.3
Armour         | 4 5 |  5.3
Axes           | 3 4 |  4.0
Dodging        | |  0.2
Shields        | |  3.6

Action                   |  1- 3 |  4- 6 || total
-------------------------+-------+-------++-------
Melee: War axe           |    47 |    37 ||    84
       Headbutt          |     5 |     8 ||    13
Armor: Scale mail        |     7 |       ||     7
       Chain mail        |    23 |    22 ||    45
Dodge: Dodged            |    20 |    17 ||    37
Block: Buckler           |     8 |    10 ||    18
